 Dungeon Crawl Stone Soup version 0.31-a0-819-gf6de2f5ab6 (webtiles) character file.

Game seed: 7517125287217754066

2947 Leeroy the Mimic (level 9, -3/76 HPs)
             Began as a Green Draconian Shapeshifter on Sept 22, 2023.
             Slain by a hornet (4 damage)
             ... on level 7 of the Dungeon on Sept 23, 2023.
             The game lasted 00:09:21 (7909 turns).

Leeroy the Mimic (Green Draconian Shapeshifter)     Turns: 7909, Time: 00:09:22

Health: -3/76      AC:  9    Str: 25    XL:     9   Next: 51%
Magic:  9/9        EV: 10    Int: 11    God:
Gold:   347        SH:  0    Dex: 11    Spells: 8/8 levels left

rFire   . .          .
                       - Unarmed
rCold   . . .        (shield currently unavailable)
rNeg    . . .        (body armour unavailable)
rPois   .            (helmet currently unavailable)
rElec   .            (cloak currently unavailable)
rCorr   .            r - melded +0 pair of gloves
SInv    .            (boots currently unavailable)
Will    .....        (no amulet)
Stlth   +            (no ring)
HPRegen 0.32/turn    (no ring)
MPRegen 0.11/turn

%: no passive effects
@: lethally poisoned (-3 -> -10), snake-form, slowed, very slow
A: constrict, boosted hp, (breathe noxious fumes), AC +7, large, unfitting
armour, (poison resistance), (cold-blooded)
a: Begin Untransformation


You were on level 7 of the Dungeon.
You were an enormous anaconda.
You visited 2 branches of the dungeon, and saw 8 of its levels.

You collected 347 gold pieces.

Inventory:

Missiles
 g - 6 curare-tipped darts
 x - 5 datura-tipped darts
 y - 2 poisoned darts
Armour
 n - a +0 helmet
 r - a +0 pair of gloves (melded)
Talismans
 b - a beast talisman
 c - a flux talisman
 s - a serpent talisman (active)
Wands
 l - a wand of flame (6)
 C - a wand of roots (11)
Scrolls
 d - a scroll of teleportation
 e - 2 scrolls of enchant weapon
 f - a scroll of immolation
 h - a scroll of brand weapon {unknown}
 k - a scroll of noise {unknown}
 p - a scroll of fear {unknown}
 u - a scroll of blinking {unknown}
 v - a scroll of identify
 z - a scroll of amnesia {unknown}
 A - a scroll of acquirement {unknown}
 B - a scroll of enchant armour {unknown}
Potions
 a - a potion of lignification
 i - 3 potions of curing
 j - a potion of might {unknown}
 m - 2 potions of cancellation {unknown}
 o - a potion of attraction {unknown}
 q - a potion of mutation {unknown}
 t - a potion of heal wounds {unknown}
 w - a potion of brilliance {unknown}
 D - a potion of resistance {unknown}


   Skills:
 - Level 1.1 Fighting
 - Level 1.7 Dodging
 + Level 7.5 Unarmed Combat
 - Level 0.4 Evocations
 - Level 10.8 Shapeshifting


You had 8 spell levels left.
You didn't know any spells.
Your spell library contained the following spells:

 Spells                   Type           Power      Damage    Failure   Level
 Freeze                   Ice            0%         1d3       34%         1
 Magic Dart               Conj           0%         1d3       34%         1
 Call Imp                 Summ           0%         N/A       47%         2
 Frozen Ramparts          Ice            0%         1d1       71%         3
 Hailstorm                Conj/Ice       0%         3d3       71%         3
 Ignite Poison            Fire/Tmut/Pois 0%         N/A       71%         3
 Inner Flame              Hex/Fire       0%         N/A       71%         3
 Mephitic Cloud           Conj/Pois/Air  0%         N/A       71%         3
 Flame Wave               Conj/Fire      0%         2d4       98%         4
 Sticky Flame             Conj/Fire      0%         2d3       98%         4
 Ignition                 Fire           0%         3d3       100%        8


Dungeon Overview and Level Annotations

Branches:
Dungeon (7/15)             Temple (1/1) D:7

Altars:
Ashenzari
Cheibriados
Dithmenos
Fedhas
Gozag
Hepliaklqana
Kikubaaqudgha
Makhleb
Nemelex Xobeh
Okawaru
Ru
Sif Muna
Vehumet
Xom
Yredelemnul
Zin
The Shining One

Shops:
D:2 ?   D:3 (


Innate Abilities, Weirdness & Mutations

You are an enormous anaconda.
You have a powerful constriction melee attack.
Your maximum health is increased.
Your armour is entirely melded.
You are incapable of wielding weapons or throwing items.
((You can breathe blasts of noxious fumes.))
((Your lurid green scales are hard. (AC +7)))
You cannot fit into any form of body armour.
((Your system is resistant to poisons. (rPois)))
((You are cold-blooded and may be slowed by cold attacks.))


Message History

You miss the hornet. You grab the hornet. You constrict the hornet.
You feel extremely sick.
The hornet stings you but does no damage.
The hornet stings you!
You feel as though you will be slow longer.
You hit the hornet.
The hornet is lightly wounded.
You constrict the hornet.
You feel very sick. The hornet stings you.
You feel as though you will be slow longer.
You are too injured to fight recklessly!
You are too injured to fight recklessly!
You are too injured to fight recklessly!
You hit the hornet.
The hornet is moderately wounded.
You constrict the hornet!
You feel very sick.
The hornet stings you but does no damage.
The hornet stings you!
* * * LOW HITPOINT WARNING * * *
You are lethally poisoned!
You feel as though you will be slow longer.
You feel better.
You constrict the hornet! The hornet stings you.
* * * LOW HITPOINT WARNING * * *
You feel as though you will be slow longer.
The hornet stings you!
* * * LOW HITPOINT WARNING * * *
You feel as though you will be slow longer.
Okay, then.
You don't know any spells.
As you read the scroll labelled GORAOM FUFRYPT, it crumbles to dust.
It is a scroll of identify.
f - a scroll of immolation You constrict the hornet.
The hornet barely misses you. The hornet stings you.
* * * LOW HITPOINT WARNING * * *
You are lethally poisoned!
You feel as though you will be slow longer.
The hornet stings you.
You die...

<..# #.....# ##### ...##
#.....#...... ..).#
#######............ ....#
#..........#.8.#oo. ....#
#..........#.$.#
...########..........#≈≈≈#
...#.............###'#≈§§#
...'.............#...#§§≈#
...#............S'...#.$.#
...#............y#...#._.# ##
...#.............#...# ...##
.................#..[###### .....
##..#######.<....#...##...##.....
##.. #......#............... #...
#......#...............
#......#...............
#......#...#...........


You could see a hornet.

Vanquished Creatures
  Maggie (D:7)
  5 yaks (D:7)
  A water moccasin (D:7)
  An orc warrior (D:4)
  A sky beast (D:7)
  An ice beast (D:6)
  An ogre (D:6)
  3 black bears
  A phantom (D:6)
  A bullfrog (D:7)
  2 scorpions (D:4)
  A howler monkey (D:5)
  3 hounds
  6 orc priests
  2 jellies
  3 iguanas (D:5)
  A sleepcap (D:4)
  Natasha (thrice) (D:2)
  10 orc wizards
  An adder (D:6)
  A shadow imp (D:7)
  2 white imps
  3 ufetubi
  2 worms
  A dart slug (D:1)
  28 orcs
  6 bats
  7 endoplasms
  5 giant cockroaches
  2 goblins
  3 hobgoblins
  6 quokkas
  3 ball pythons
  3 frilled lizards
  4 kobolds
  7 rats
131 creatures vanquished.

Notes
Turn   | Place    | Note
-------+----------+-------------------------------------------
     0 | D:1      | Leeroy the Draconian Shapeshifter began the quest for the
                  | Orb.
     0 | D:1      | Reached XP level 1. HP: 16/16 MP: 1/1
   146 | D:1      | Reached XP level 2. HP: 23/23 MP: 2/2
   757 | D:2      | Noticed Natasha
   767 | D:2      | Killed Natasha
   768 | D:2      | Reached skill level 4 in Shapeshifting
   768 | D:2      | Reached XP level 3. HP: 10/28 MP: 3/3
   879 | D:2      | Found Jekyxt's Magic Scroll Boutique.
  1236 | D:2      | Noticed Natasha
  1246 | D:2      | Killed Natasha
  1247 | D:2      | Reached XP level 4. HP: 11/35 MP: 4/4
  1374 | D:2      | Noticed Natasha
  1387 | D:2      | Killed Natasha
  1388 | D:2      | Reached skill level 5 in Shapeshifting
  1543 | D:3      | Found a shimmering blue altar of Sif Muna.
  1573 | D:3      | Found Xiown's Weapon Shoppe.
  2154 | D:4      | Reached XP level 5. HP: 17/40 MP: 5/5
  2270 | D:4      | Noticed a black bear
  2494 | D:4      | Killed a black bear
  2495 | D:4      | Reached skill level 6 in Shapeshifting
  2854 | D:3      | Reached XP level 6. HP: 36/47 MP: 6/6
  3593 | D:4      | Noticed an orc warrior
  3606 | D:5      | Entered Level 5 of the Dungeon
  3611 | D:5      | Reached skill level 7 in Shapeshifting
  3801 | D:5      | Your scales start taking on a lurid green colour.
  3801 | D:5      | Reached XP level 7. HP: 46/52 MP: 7/7
  3801 | D:5      | Gained mutation: Your system is resistant to poisons.
                  | (rPois) [Green Draconian growth]
  3976 | D:5      | Found a burning altar of Makhleb.
  4271 | D:5      | Reached skill level 8 in Shapeshifting
  4859 | D:4      | Reached skill level 9 in Shapeshifting
  4859 | D:4      | Reached XP level 8. HP: 57/59 MP: 8/8
  5333 | D:6      | Upgraded the game from 0.31-a0-816-gd61d57ddb1 to
                  | 0.31-a0-819-gf6de2f5ab6
  5772 | D:6      | Reached skill level 10 in Shapeshifting
  6390 | D:6      | Found an opulent altar of Gozag.
  6390 | D:6      | Found a glowing silver altar of Zin.
  6726 | D:7      | Noticed Maggie
  7381 | D:7      | Killed Maggie
  7382 | D:7      | Reached XP level 9. HP: 8/64 MP: 9/9
  7388 | D:7      | Reached skill level 5 in Unarmed Combat
  7734 | D:7      | Found a staircase to the Ecumenical Temple.
  7784 | Temple   | Entered the Ecumenical Temple
  7893 | D:7      | Found an iron altar of Okawaru.
  7909 | D:7      | HP: 1/76 [hornet (5)]
  7909 | D:7      | Slain by a hornet

Illustrated notes

Levels and vault maps discovered:
D:1:      minmay_arrival_four_houses, layout_loops_ring
D:2:      layout_loops_ring, serial_shops, shop, uniq_natasha
D:3:      layout_loops_ring, mainiacjoe_overflow_six_doors_small, serial_shops,
          nicolae_shop_behind_doors
D:4:      layout_loops_corners, kennysheep_flooded_box, guppyfry_early_orc_mine
D:5:      layout_loops_ring, lemuel_tele_altar
D:6:      hellmonk_destroyed_diamonds, layout_basic,
          grunt_temple_overflow_gold_and_silver, kennysheep_generic_room_3
D:7:      layout_gridville, pf_just_have_faith,
          gammafunk_temple_overflow_elements, minmay_temple_entry_stoned_glass,
          gammafunk_ghost_wrathful_warriors, uniq_maggie
Temple:   chequers_temple_sunken

Skill      XL: |  1  2  3  4  5  6  7  8  9 |
---------------+----------------------------+-----
Shapeshifting  | 4 5 6 7 9 10 | 10.8
Unarmed Combat | 4 7 |  7.5
Fighting       | |  1.1
Dodging        | |  1.7
Evocations     | |  0.4

Action                     |  1- 3 |  4- 6 |  7- 9 || total
---------------------------+-------+-------+-------++-------
  Melee: Unarmed           |    54 |   126 |   234 ||   414
         Tailslap          |     4 |    14 |       ||    18
         Punch             |     1 |       |       ||     1
         Constrict         |       |     3 |    47 ||    50
  Evoke: Wand              |       |     2 |       ||     2
    Use: Scroll            |       |       |     3 ||     3
         Potion            |       |       |     2 ||     2
   Stab: Sleeping          |       |       |     1 ||     1
 Armour: Skin              |    21 |    64 |   194 ||   279
  Dodge: Dodged            |    24 |    82 |    92 ||   198
   Form: Flux              |       |     1 |       ||     1
         Anaconda          |       |     1 |       ||     1

Table legend: (Time is in decaauts)
 A = Elapsed time spent in this place.
 B = Non-inter-level travel time spent in this place.
 C = Inter-level travel time spent in this place.
 D = Time resting spent in this place.
 E = Time spent auto-exploring this place.
 F = Levels seen in this place.
 G = Mean time per level.
                   A        B        C        D        E       F      G
               +--------+--------+--------+--------+--------+-----+--------+
         Total |   7894 |   7546 |    348 |   1872 |   4634 |   8 |  986.8 |
       Dungeon |   7803 |   7480 |    323 |   1872 |   4615 |   7 | 1114.7 |
        Temple |     90 |     65 |     25 |      0 |     19 |   1 |   90.0 |
               +--------+--------+--------+--------+--------+-----+--------+

Top non-repeatable levels by time:
     D:6: 1778 daAuts
     D:4: 1478 daAuts
     D:3: 1381 daAuts
     D:5: 991 daAuts
     D:2: 801 daAuts
     D:7: 714 daAuts
     D:1: 657 daAuts
  Temple: 90 daAuts
